 Dungeon Crawl Stone Soup version 0.23.2-40-g277498a001 (webtiles) character file.

Game seed: 14508756230862502022

56 Descartes the Shooter (level 3, 0/29 HPs)
             Began as a Centaur Arcane Marksman on Sept 8, 2019.
             Succumbed to an adder's poison
             ... on level 2 of the Dungeon.
             The game lasted 00:03:56 (1566 turns).

Descartes the Shooter (Centaur Arcane Marksman)     Turns: 1566, Time: 00:03:56

Health: 0/29       AC:  5    Str: 12    XL:     3   Next: 71%
Magic:  11/14      EV: 10    Int: 12    God:
Gold:   48         SH:  0    Dex: 10    Spells: 3/4 levels left

rFire    . . .     SeeInvis .   a - +0 spear
rCold    . . .     Gourm    .   (no shield)
rNeg     . . .     Faith    .   e - +0 robe
rPois    .         Spirit   .   y - +0 helmet
rElec    .         Reflect  .   (no cloak)
rCorr    .         Harm     .   (no gloves)
MR       .....                  (no barding)
Stlth    +.........             (no amulet)
HPRegen  0.09/turn              x - ring of magical power
MPRegen  0.14/turn              (no ring)

@: lethally poisoned (0 -> -4), very quick
A: large, hooves 3, deformed body, speed 2, tough skin 3
a: no special abilities


You were on level 2 of the Dungeon.
You were not hungry.

You visited 1 branch of the dungeon, and saw 2 of its levels.

You collected 48 gold pieces.

Inventory:

Hand Weapons
 a - a +0 spear (weapon)
 b - a +0 shortbow
 j - a +0 club
 q - a +0 dagger of venom
Missiles
 c - 74 stones (quivered)
 d - 20 arrows
 r - 4 tomahawks
 s - 18 bolts
Armour
 e - a +0 robe (worn)
 y - a +0 helmet (worn)
Jewellery
 x - a ring of magical power (left hand)
Wands
 w - a wand of disintegration (10)
Scrolls
 h - a scroll of magic mapping {unknown}
 k - a scroll of identify {unknown}
 m - 3 scrolls of amnesia {unknown}
 n - a scroll of teleportation {unknown}
 o - a scroll of remove curse {unknown}
 t - a scroll of immolation {unknown}
 v - a scroll of noise {unknown}
Potions
 g - a potion of mutation {unknown}
 i - 2 potions of degeneration {unknown}
 p - a potion of might {unknown}
 u - a potion of agility {unknown}
 z - a potion of curing {unknown}
Comestibles
 f - 3 rations
 l - 4 chunks of flesh


   Skills:
 + Level 1.7 Fighting
 + Level 3.1 Bows
 + Level 0.4 Armour
 + Level 1.6 Dodging
 + Level 1.2 Unarmed Combat
 + Level 1.3 Spellcasting
 + Level 2.9 Hexes


You had 3 spell levels left.
You knew the following spells:

 Your Spells              Type           Power        Failure   Level  Hunger
a - Corona                Hex            #......      9%          1    ##.....

Your spell library contained the following spells:

 Spells                   Type           Power        Failure   Level  Hunger
 Slow                     Hex            #.......     13%         2    ###....
 Inner Flame              Hex/Fire       #.......     43%         3    ####...
 Portal Projectile        Hex/Tloc       #.....       43%         3    ####...
 Cause Fear               Hex            #.........   65%         4    #####..
 Leda's Liquefaction      Hex/Erth       #.........   83%         4    #####..


Dungeon Overview and Level Annotations

Branches:
Dungeon (2/15)

Altars:
Sif Muna


Innate Abilities, Weirdness & Mutations

You have hooves in place of feet.
Armour fits poorly on your strangely shaped body.
You cover ground very quickly.
You have extremely tough skin. (AC +3)


Message History

The adder completely misses you.
You hit the adder.
The adder is heavily wounded.
The adder barely misses you. x2
You barely miss the adder. Your kick misses the adder.
The adder is heavily wounded.
The adder bites you.
* * * LOW HITPOINT WARNING * * *
You barely miss the adder.
The adder is heavily wounded.
The adder bites you but does no damage.
You closely miss the adder. Your kick misses the adder.
The adder is heavily wounded.
The adder bites you.
* * * LOW HITPOINT WARNING * * *
You are lethally poisoned!
The adder poisons you! The adder closely misses you.
You closely miss the adder.
The adder is heavily wounded.
You die...

♣... #. ♣### ...
..#### ### .... ...
###.####.# ##.....##.#
#.......#.#
#S@%....#.##
#......_......#
#..#.......#..####♣♣♣♣
#. #.......#..........
# ##.....##..####♣.♣♣
###.####..# ♣♣♣ ....
....# ###########


You could see an adder.

Vanquished Creatures
  2 adders (D:2)
  2 dart slugs (D:2)
  A leopard gecko (D:1)
  A ball python (D:1)
  2 giant cockroaches (D:1)
  3 goblins (D:1)
  3 hobgoblins (D:1)
  8 kobolds
  5 bats (D:1)
  A frilled lizard (D:1)
  3 rats (D:1)
31 creatures vanquished.

Notes
Turn   | Place    | Note
-------+----------+-------------------------------------------
     0 | D:1      | Descartes the Centaur Arcane Marksman began the quest for
                  | the Orb.
     0 | D:1      | Reached XP level 1. HP: 16/16 MP: 2/2
   508 | D:1      | Reached XP level 2. HP: 22/23 MP: 3/3
   949 | D:1      | Reached skill level 3 in Bows
   953 | D:1      | Reached skill level 1 in Unarmed Combat
  1017 | D:1      | Reached XP level 3. HP: 7/28 MP: 4/4
  1550 | D:2      | Found a deep blue altar of Sif Muna.
  1565 | D:2      | HP: 1/29 [adder (2)]
  1566 | D:2      | Succumbed to an adder's poison

Skill      XL: |  1  2 |
---------------+-------+-----
Bows           | 3 |  3.1
Unarmed Combat | 1 |  1.2
Fighting       | |  1.7
Armour         | |  0.4
Dodging        | |  1.6
Spellcasting   | |  1.3
Hexes          | |  2.9

Action                   || total
-------------------------++-------
Melee: Unarmed           ||    40
       Kick              ||    18
       Club              ||     3
       Shortbow          ||     1
       Spear             ||    92
 Fire: Shortbow          ||     4
  Eat: Chunk             ||     1
Armor: Robe              ||    51
Dodge: Dodged            ||    52
